 Dungeon Crawl Stone Soup version 0.28.0-56-g4927b6849a (webtiles) character file.

Game seed: 3003771089819690794

30706 AarnesTheHuman the Cleaver (level 13, -1/122 HPs)
             Began as a Hill Orc Fighter on Feb 6, 2023.
             Was an Elder of Makhleb.
             Slain by a nine-headed hydra (2 damage)
             ... while petrified by a catoblepas
             ... on level 4 of the Lair of Beasts.
             The game lasted 00:27:20 (14090 turns).

AarnesTheHuman the Cleaver (Hill Orc Fighter)      Turns: 14090, Time: 00:27:20

Health: -1/122     AC: 12    Str: 24    XL:     13   Next: 53%
Magic:  0/22       EV:  2    Int:  8    God:    Makhleb [****..]
Gold:   705        SH:  0    Dex: 10    Spells: 12/12 levels left

rFire   . . .      SeeInvis .   a - +4 war axe (elec)
rCold   . . .      Faith    .   L - +0 tower shield
rNeg    + + +      Spirit   +   G - +0 troll leather armour
rPois   ∞          Reflect  .   o - +0 helmet "Ahymm" {rPois Regen+ Slay+3}
rElec   .          Harm     .   v - +2 cloak {Stlth+}
rCorr   .          Rampage  .   (no gloves)
Will    .....                   k - +0 pair of boots
Stlth   ++........              D - amulet of guardian spirit
HPRegen 1.90/turn               (no ring)
MPRegen 0.18/turn               (no ring)

@: petrified
A: no striking features
a: Renounce Religion, Minor Destruction, Lesser Servant of Makhleb, Major
Destruction


You were on level 4 of the Lair of Beasts.
You worshipped Makhleb.
Makhleb was greatly pleased with you.
You visited 3 branches of the dungeon, and saw 18 of its levels.
You also visited: Gauntlet.

You collected 705 gold pieces.

Inventory:

Hand Weapons
 a - a +4 war axe of electrocution (weapon)
 b - a +0 hunting sling
 y - a +2 dagger of freezing
 J - a +0 whip of freezing
 P - a +1 vorpal war axe
 S - the +7 Spriggan's Knife {stab, EV+4 Stlth+}
   (You took it off a minotaur in a Gauntlet)

   It is more effective when stabbing unaware enemies, treating them as though
   they were completely helpless.
   EV:        It affects your evasion (+4).
   Stlth:     It makes you more stealthy.
Missiles
 e - 234 stones
 g - 112 sling bullets
 i - 23 poisoned darts (quivered)
 u - 6 boomerangs of dispersal
 T - 5 silver javelins
 V - 3 curare-tipped darts
Armour
 c - a +0 buckler
 k - a +0 pair of boots (worn)
 o - the +0 helmet "Ahymm" (worn) {rPois Regen+ Slay+3}
   (You found it on level 7 of the Dungeon)

   Slay:      It affects your accuracy & damage with ranged weapons and melee
   (+3).
   rPois:     It protects you from poison.
   Regen:     It increases your rate of health regeneration.
 v - a +2 cloak of stealth (worn)
 B - +0 steam dragon scales
 G - a +0 troll leather armour (worn)
 L - a +0 tower shield (worn)
 Q - a +0 hat of willpower
Jewellery
 D - an amulet of guardian spirit (around neck)
 M - a ring of ice
Wands
 q - a wand of iceblast (3)
 s - a wand of acid (3)
 t - a wand of digging (5)
 C - a wand of paralysis (2)
 H - a wand of charming (5)
 U - a wand of flame (22)
Scrolls
 n - 6 scrolls of teleportation
 p - a scroll of fear
 N - a scroll of silence
Potions
 d - 2 potions of might
 f - a potion of invisibility {unknown}
 h - 2 potions of brilliance
 j - 7 potions of curing
 l - a potion of magic {unknown}
 m - a potion of berserk rage
 r - a potion of mutation
 w - a potion of cancellation
 x - 2 potions of resistance
 z - a potion of flight {unknown}
 A - a potion of lignification
 F - 3 potions of heal wounds
 I - 2 potions of ambrosia {unknown}
 K - 3 potions of haste {unknown}
Miscellaneous
 R - a piece from Xom's chessboard (15/15)


   Skills:
 + Level 13.6 Fighting
 + Level 14.7 Axes
 - Level 10.0 Armour
 - Level 4.0 Dodging
 + Level 9.8 Shields
 + Level 12.8 Invocations
 - Level 3.0 Evocations


You had 12 spell levels left.
You didn't know any spells.
Your spell library contained the following spells:

 Spells                   Type           Power      Damage    Failure   Level
 Animate Skeleton         Necr           0%         N/A       97%         1
 Apportation              Tloc           0%         N/A       97%         1
 Summon Small Mammal      Summ           0%         N/A       97%         1
 Blink                    Tloc           0%         N/A       99%         2
 Ensorcelled Hibernation  Hex/Ice        0%         N/A       99%         2
 Spider Form              Tmut/Pois      0%         N/A       100%        3
 Anguish                  Hex/Necr       0%         N/A       100%        4
 Manifold Assault         Tloc           0%         N/A       100%        5
 Storm Form               Tmut/Air       0%         N/A       100%        7


Dungeon Overview and Level Annotations

Branches:
Dungeon (11/15)            Temple (1/1) D:6            Lair (6/6) D:9
 Shoals (0/4) Lair:2       Spider (0/4) Lair:2      Gauntlet (visited)
  Slime: Lair:5-6       Orc: D:9-12

Altars:
Ashenzari
Cheibriados
Dithmenos
Elyvilon
Fedhas
Gozag
Hepliaklqana
Kikubaaqudgha
Makhleb
Nemelex Xobeh
Okawaru
Qazlal
Ru
Sif Muna
Trog
Uskayaw
Vehumet
Wu Jian
Xom
Yredelemnul
Zin
The Shining One

Shops:
D:5 :

Annotations:
D:5 2 transporters, brob1's ghost, amateur MiBe
D:8 exclusion: downstairs
D:10 2 runed translucent doors, exclusion: obsidian statue


Message History

The nine-headed hydra bites you but does no damage.
The nine-headed hydra bites you!
The nine-headed hydra bites you but does no damage.
The nine-headed hydra bites you.
The nine-headed hydra bites you but does no damage.
The nine-headed hydra barely misses you.
The nine-headed hydra bites you.
The nine-headed hydra bites you but does no damage.
The blink frog hits you but does no damage.
The catoblepas breathes a plume of calcifying dust at you.
The blast of calcifying dust hits you but does no damage.
The blink frog hits you.
The blink frog blinks!
The nine-headed hydra bites you. x2
The nine-headed hydra bites you but does no damage. x3
The nine-headed hydra bites you. The nine-headed hydra bites you!
The nine-headed hydra bites you but does no damage.
The nine-headed hydra bites you. The catoblepas gores you!!
* * * LOW HITPOINT WARNING * * *
The nine-headed hydra bites you!
* * * LOW HITPOINT WARNING * * *
The nine-headed hydra completely misses you.
The nine-headed hydra bites you but does no damage.
The nine-headed hydra bites you.
* * * LOW HITPOINT WARNING * * *
The nine-headed hydra barely misses you.
The nine-headed hydra bites you!
* * * LOW HITPOINT WARNING * * *
The nine-headed hydra bites you.
* * * LOW HITPOINT WARNING * * *
The nine-headed hydra bites you but does no damage. x2
The catoblepas gores you!
* * * LOW HITPOINT WARNING * * *
The nine-headed hydra bites you but does no damage.
The nine-headed hydra bites you!
* * * LOW HITPOINT WARNING * * *
The nine-headed hydra bites you!
* * * LOW HITPOINT WARNING * * *
The nine-headed hydra bites you but does no damage.
The nine-headed hydra bites you.
You die...

#P......P...#
.....P..(..
##...#....P#
##..........###
..............###
...#...FF......(#
...#.....D.#......
.....§..@Y........
#......§F.#....$.
#.P....#.## $....
###....§## #...
##....## ..
#......# !
#.....## #....#..#
##.>..####


You could see a catoblepas, a nine-headed hydra and 3 blink frogs.

Vanquished Creatures
  A minotaur (Gauntlet)
  Fannar (D:11)
  2 hydras
  2 two-headed ogres
  8 death yaks
  Erica (D:9)
  A tengu warrior (Gauntlet)
  Pikel (D:9)
  A necromancer (Gauntlet)
  A black mamba (Lair:4)
  6 elephants (Lair:2)
  4 cane toads
  Maggie (Lair:2)
  A rime drake (Lair:1)
  An unseen horror (D:10)
  A komodo dragon (Lair:2)
  2 tengu conjurers (Gauntlet)
  A meliai (Lair:2)
  A wind drake (shapeshifter) (D:10)
  A troll (D:8)
  3 blink frogs
  A raiju (shapeshifter) (D:9)
  52 yaks
  4 basilisks
  3 shadows (Gauntlet)
  2 wyverns
  A steam dragon (D:6)
  9 water moccasins
  5 orc warriors
  An ice beast (D:6)
  An ogre (D:6)
  A necrophage (D:5)
  3 wolves (Gauntlet)
  3 centaurs
  2 lemures
  2 kobold brigands
  7 bullfrogs
  A scorpion (D:5)
  2 wyvern zombies
  A water moccasin skeleton (D:5)
  4 wights (D:7)
  18 killer bees
  An electric eel (D:7)
  3 howler monkeys (D:7)
  4 crimson imps (D:6)
  A bullfrog zombie (D:5)
  A centaur zombie (D:10)
  3 orc priests
  A hound (D:5)
  A jelly (D:8)
  Ijyb (D:3)
  3 iguanas
  Natasha (thrice) (D:3)
  3 orc wizards
  A killer bee zombie (D:8)
  2 howler monkey zombies
  3 adders (D:2)
  4 gnolls
  2 white imps (D:6)
  26 orcs
  6 ball pythons
  7 endoplasms
  3 giant cockroaches
  13 goblins
  8 hobgoblins
  12 jackals
  17 kobolds
  A quokka (D:1)
  7 bats
  4 frilled lizards
  3 rats
308 creatures vanquished.

Vanquished Creatures (collateral kills)
  A shadow (Gauntlet)
  A wolf (Gauntlet)
2 creatures vanquished.

Vanquished Creatures (others)
  9 fungi
  12 plants
21 creatures vanquished.

Grand Total: 331 creatures vanquished

Notes
Turn   | Place    | Note
-------+----------+-------------------------------------------
     0 | D:1      | AarnesTheHuman the Hill Orc Fighter began the quest for the
                  | Orb.
     0 | D:1      | Reached XP level 1. HP: 19/19 MP: 1/1
   153 | D:1      | Reached skill level 3 in Axes
   188 | D:1      | Reached XP level 2. HP: 17/26 MP: 2/2
   498 | D:1      | Reached XP level 3. HP: 25/31 MP: 3/3
   864 | D:1      | Reached skill level 4 in Axes
  1377 | D:2      | Reached XP level 4. HP: 39/39 MP: 4/4
  1724 | D:1      | Reached skill level 5 in Axes
  1830 | D:2      | Reached XP level 5. HP: 13/45 MP: 5/5
  2178 | D:2      | Found a faded altar of an unknown god.
  2329 | D:3      | Noticed Ijyb
  2349 | D:3      | Killed Ijyb
  2350 | D:3      | Reached skill level 5 in Shields
  2449 | D:3      | Noticed Natasha
  2454 | D:3      | Killed Natasha
  2461 | D:3      | Noticed Natasha
  2471 | D:3      | Killed Natasha
  2656 | D:3      | Noticed Natasha
  2668 | D:3      | Killed Natasha
  2669 | D:3      | Reached skill level 6 in Axes
  2669 | D:3      | Reached XP level 6. HP: 39/51 MP: 6/6
  4067 | D:5      | Entered Level 5 of the Dungeon
  4113 | D:5      | Noticed a necrophage
  4159 | D:5      | Killed a necrophage
  4160 | D:5      | Reached skill level 7 in Axes
  4160 | D:5      | Reached XP level 7. HP: 48/57 MP: 7/7
  4545 | D:5      | Reached skill level 8 in Axes
  4581 | D:5      | Found a transporter.
  4609 | D:5      | Found a transporter.
  4609 | D:5      | Noticed brob1's ghost (amateur MiBe)
  4641 | D:5      | Found Qauc's Self-Improvement Boutique.
  4873 | D:5      | Noticed a two-headed ogre
  4886 | D:5      | Killed a two-headed ogre
  4887 | D:5      | Reached skill level 9 in Axes
  4887 | D:5      | Reached XP level 8. HP: 34/64 MP: 8/8
  4897 | D:5      | Reached skill level 10 in Axes
  5143 | D:6      | Found a broken altar of Ashenzari.
  5571 | D:6      | Found a staircase to the Ecumenical Temple.
  5646 | Temple   | Entered the Ecumenical Temple
  5959 | Temple   | Became a worshipper of Makhleb the Destroyer
  6044 | D:6      | Reached skill level 1 in Invocations
  6044 | D:6      | Reached skill level 1 in Evocations
  6044 | D:6      | Reached XP level 9. HP: 71/71 MP: 9/9
  6073 | D:6      | Found a shimmering altar of Xom.
  6467 | D:6      | Found an iron altar of Okawaru.
  6864 | D:7      | Identified the +0 helmet "Ahymm" {rPois Regen+ Slay+3}
  7138 | D:7      | Reached skill level 5 in Fighting
  7356 | D:8      | Found a hide-covered altar of Uskayaw.
  7447 | D:8      | Reached skill level 11 in Axes
  7447 | D:8      | Reached skill level 5 in Armour
  7457 | D:8      | Reached * piety under Makhleb
  7458 | D:8      | Reached skill level 5 in Invocations
  7465 | D:8      | Reached XP level 10. HP: 37/83 MP: 12/14
  8260 | D:9      | Noticed Pikel
  8404 | D:9      | Noticed Erica
  8483 | D:9      | Killed Erica
  8514 | D:9      | Found a staircase to the Lair.
  8514 | D:9      | Noticed a death yak
  8514 | D:9      | Noticed a death yak
  8515 | D:9      | Noticed a death yak
  8557 | D:8      | Killed a death yak
  8558 | D:8      | Reached skill level 1 in Dodging
  8723 | D:9      | Killed Pikel
  8742 | D:9      | Reached ** piety under Makhleb
  8771 | D:9      | Reached XP level 11. HP: 89/94 MP: 13/17
  8865 | D:9      | Noticed a death yak
  8866 | D:9      | Noticed a death yak
  8866 | D:9      | Noticed a death yak
  8866 | D:9      | Noticed a death yak
  8866 | D:9      | Noticed a death yak
  8910 | D:8      | Killed a death yak
  8911 | D:8      | Reached skill level 12 in Axes
  9038 | D:9      | Killed a death yak
  9460 | D:8      | Killed a death yak
  9646 | D:9      | Killed a death yak
  9647 | D:9      | Reached skill level 10 in Invocations
  9662 | D:9      | Killed a death yak
  9671 | D:9      | Killed a death yak
  9689 | D:9      | Killed a death yak
  9690 | D:9      | Reached skill level 10 in Fighting
  9690 | D:9      | Reached skill level 13 in Axes
  9889 | D:10     | Entered Level 10 of the Dungeon
  9913 | D:10     | Noticed an obsidian statue
 10023 | D:10     | Noticed a two-headed ogre
 10041 | D:10     | Killed a two-headed ogre
 10060 | D:10     | Reached *** piety under Makhleb
 10066 | D:10     | Reached XP level 12. HP: 71/107 MP: 8/19
 10217 | D:10     | Found a large runed translucent door.
 10219 | D:10     | Found a large runed translucent door.
 10262 | D:10     | Identified the +8 dagger "Poukhle" {chaos, Str+4}
 10262 | D:10     | Identified the +1 robe of Vehumet's Favour {Str-2 Int+3
                  | Dex+2}
 10629 | D:10     | Found a shimmering altar of Xom.
 10662 | D:10     | Identified the +3 great mace "Fularis" {pain, rF- Str-4
                  | Int+8}
 10739 | D:11     | Noticed a five-headed hydra
 10750 | D:11     | Killed a five-headed hydra
 10758 | D:11     | Noticed Fannar
 10790 | D:11     | Killed Fannar
 10801 | D:11     | Found a gate leading to a gauntlet.
 10809 | Gauntlet | Entered a Gauntlet
 10809 | Gauntlet | Found a transporter.
 10809 | Gauntlet | Found a transporter.
 10809 | Gauntlet | Found a transporter.
 10810 | Gauntlet | Found a transporter.
 10810 | Gauntlet | Noticed a tengu warrior
 10813 | Gauntlet | Found a transporter.
 10813 | Gauntlet | Found a transporter.
 10823 | Gauntlet | Found a transporter.
 10827 | Gauntlet | Found a transporter.
 10829 | Gauntlet | Found a large runed translucent door.
 10830 | Gauntlet | Found a large runed translucent door.
 10831 | Gauntlet | Found a large runed translucent door.
 10831 | Gauntlet | Found a large runed translucent door.
 10831 | Gauntlet | Found a runed translucent door.
 10832 | Gauntlet | Found a large runed translucent door.
 10832 | Gauntlet | Noticed a hell beast
 10833 | Gauntlet | Found a large runed translucent door.
 10834 | Gauntlet | Found a large runed translucent door.
 10834 | Gauntlet | Found a large runed translucent door.
 10835 | Gauntlet | Found a runed translucent gate.
 10843 | Gauntlet | Found a transporter.
 10844 | Gauntlet | Found a transporter.
 10844 | Gauntlet | Found a runed translucent gate.
 10845 | Gauntlet | Found a runed translucent gate.
 10845 | Gauntlet | Found a runed translucent door.
 10846 | Gauntlet | Found a large runed translucent door.
 10846 | Gauntlet | Found a large runed translucent door.
 10847 | Gauntlet | Found a large runed translucent door.
 10848 | Gauntlet | Found a large runed translucent door.
 10857 | Gauntlet | Found a large runed translucent door.
 10857 | Gauntlet | Found a large runed translucent door.
 10858 | Gauntlet | Found a large runed translucent door.
 10859 | Gauntlet | Found a large runed translucent door.
 10861 | Gauntlet | Found a transporter.
 10865 | Gauntlet | Found a transporter.
 10879 | Gauntlet | Found the +6 lightning scales {swift, rElec}
 11035 | Gauntlet | Killed a tengu warrior
 11109 | Gauntlet | Reached skill level 14 in Axes
 11148 | Gauntlet | Noticed a minotaur
 11158 | Gauntlet | Killed a minotaur
 11326 | Lair:1   | Entered Level 1 of the Lair of Beasts
 11870 | Lair:1   | Noticed a seven-headed hydra
 11884 | Lair:1   | Killed a seven-headed hydra
 12431 | Lair:2   | Reached XP level 13. HP: 115/119 MP: 18/22
 12461 | Lair:2   | Found a staircase to the Shoals.
 12467 | Lair:2   | Noticed Maggie
 12472 | Lair:2   | Killed Maggie
 12473 | Lair:2   | Reached skill level 10 in Armour
 12631 | Lair:2   | Reached **** piety under Makhleb
 12938 | Lair:2   | Found a hole to the Spider Nest.
 13660 | Lair:2   | Identified the +0 buckler of Greed {*Slow rPois Slay+2
                  | Stlth+}
 14007 | Lair:3   | You fall into a shaft and drop 3 floors!
 14007 | Lair:6   | Entered Level 6 of the Lair of Beasts
 14089 | Lair:4   | HP: 6/122 [catoblepas (7)]
 14090 | Lair:4   | HP: 1/122 [nine-headed hydra (4)]
 14090 | Lair:4   | Slain by a nine-headed hydra

Illustrated notes

Levels and vault maps discovered:
D:1:      tarquinn_simple_flora_water_f, layout_basic, lemuel_another_geyser
D:2:      layout_rooms, dreamdust_ecumenical_altar_hidden_monk_grotto
D:3:      minmay_recursive_quarters, layout_rooms, uniq_natasha, uniq_ijyb
D:4:      layout_basic
D:5:      layout_cave_pools, gammafunk_ghost_arena, kennysheep_flooded_box,
          nicolae_shop_self_help
D:6:      layout_loops_ring, led_xom_imps, mainiacjoe_overflow_catch_the_wave,
          minmay_temple_entry_fiery
D:7:      layout_rooms, hangedman_decor_push, nicolae_lava_and_water
D:8:      layout_gridville, nicolae_uskayaw_murder_on_the_dancefloor,
          kennysheep_generic_room_11
D:9:      layout_basic, dpeg_lair_monsters, serial_corexii_hall,
          corexii_hall_statues_s, chequers_hall_statues_wall_a, uniq_pikel,
          uniq_erica
D:10:     due_chaos_kobolds, layout_cave_pools, serial_column_ruins,
          column_ruins_hut_ruined, column_ruins_hut_pillars,
          column_ruins_open_medium, column_ruins_grid_4,
          column_ruins_open_large, column_ruins_open_small, minivault_16
D:11:     layout_gridville, gauntlet_entry_generic, hangedman_corner_corridor,
          uniq_maurice, uniq_fannar
Temple:   dpeg_five_rooms_temple
Lair:1:   layout_roguey, serial_rivers, chequers_serial_rivers_small_3,
          chequers_serial_rivers_marsh, chequers_serial_rivers_micro_c,
          chequers_serial_rivers_small_3
Lair:2:   layout_loops_ring, shoals_dummy_entry,
          hellmonk_spider_entry_not_the_bees, serial_rivers,
          chequers_serial_rivers_marsh, chequers_serial_rivers_small_3,
          chequers_serial_rivers_large_b, chequers_serial_rivers_small_3,
          serial_bayou_shore_b, uniq_maggie
Lair:3:   layout_hall_layers
Lair:4:   layout_cave_shapes, basic_altar
Lair:5:   layout_regular_city, slime_altar_1
Lair:6:   evil_forest, layout_regular_city

Skill      XL: |  1  2  3  4  5  6  7  8  9 10 11 12 13 |
---------------+----------------------------------------+-----
Axes           | 3 4 5 6 7 9 10 11 13 14 | 14.7
Shields        | 4 5 6 8 9 |  9.8
Fighting       | 4 6 7 10 12 13 | 13.6
Invocations    | 1 5 9 10 12 | 12.8
Evocations     | 1 3 |  3.0
Armour         | 5 7 9 10 | 10.0
Dodging        | 2 4 |  4.0

Action                   |  1- 3 |  4- 6 |  7- 9 | 10-12 | 13-15 || total
-------------------------+-------+-------+-------+-------+-------++-------
Melee: War axe           |    86 |   187 |   215 |   496 |   179 ||  1163
       Dagger            |       |     9 |       |     6 |       ||    15
       Whip              |       |       |       |    20 |       ||    20
 Fire: Hunting sling     |       |     2 |       |       |       ||     2
Throw: Stone             |       |       |       |     1 |       ||     1
       Dart              |       |       |       |       |     1 ||     1
Invok: Lesser Servant of |       |       |       |     5 |       ||     5
Evoke: Wand              |       |       |     5 |     7 |       ||    12
  Use: Scroll            |       |     8 |     5 |     5 |     5 ||    23
       Potion            |       |       |       |     2 |       ||     2
 Stab: Paralysed         |       |       |     6 |       |       ||     6
       Sleeping          |       |       |       |     1 |       ||     1
       Distracted        |       |       |       |     2 |       ||     2
Armor: Scale mail        |    47 |    89 |    49 |       |       ||   185
       Steam dragon scal |       |       |    54 |    53 |       ||   107
       Troll leather arm |       |       |       |   152 |   100 ||   252
Dodge: Dodged            |    47 |    93 |   103 |   256 |   101 ||   600
Block: Buckler           |    28 |    68 |    59 |   151 |    53 ||   359
       Tower shield      |       |       |       |       |    35 ||    35
